 Dungeon Crawl Stone Soup version 0.28.0-45-g0d030f2227 (webtiles) character file.

Game seed: 10858414776793479482

275 101zpm the Magician (level 6, 0/40 HPs)
             Began as a Djinni Ice Elementalist on Apr 15, 2022.
             Slain by Grinder (4 damage)
             ... on level 3 of the Dungeon.
             The game lasted 00:15:13 (4202 turns).

101zpm the Magician (Djinni Ice Elementalist)       Turns: 4202, Time: 00:15:14

Health: 0/40       AC:  8    Str:  7    XL:     6   Next: 49%
Gold:   132        EV: 12    Int: 19    God:
                   SH:  0    Dex: 13

rFire   + + .      SeeInvis .   (no weapon)
rCold   x . .      Faith    .   (no shield)
rNeg    . . .      Spirit   .   a - +0 robe
rPois   ∞          Reflect  .   (no helmet)
rElec   .          Harm     .   (no cloak)
rCorr   .          Rampage  .   (no gloves)
Will    .....                   (boots unavailable)
Stlth   ++........              (no amulet)
HPRegen 0.13/turn               (no ring)
MPRegen 0.00/turn               (no ring)

@: ice-armoured, freezing walls, flying
A: sickness immunity, fire resistance 2, cold vulnerability 1, float, innate
caster, HP casting, extra vitality 1
a: no special abilities


You were on level 3 of the Dungeon.
You visited 1 branch of the dungeon, and saw 4 of its levels.

You collected 132 gold pieces.

Inventory:

Missiles
 g - 110 stones (quivered)
 i - 26 bolts
Armour
 a - a +0 robe (worn)
 k - a +0 buckler
Scrolls
 c - a scroll of enchant weapon {unknown}
 e - a scroll of identify {unknown}
 j - a scroll of noise {unknown}
 l - a scroll of enchant armour {unknown}
 m - a scroll of fog {unknown}
Potions
 b - a potion of might {unknown}
 d - 2 potions of cancellation {unknown}
 f - a potion of flight {unknown}
 h - 2 potions of curing {unknown}
 n - a potion of berserk rage {unknown}


   Skills:
 + Level 2.0 Throwing
 + Level 2.6 Dodging
 + Level 2.1 Stealth
 + Level 5.0 Spellcasting


You had one spell level left.
You knew the following spells:

 Your Spells              Type           Power      Damage    Failure   Level
a - Freeze                Ice            96%        1d11      1%          1
b - Frozen Ramparts       Ice            48%        1d6       4%          3
c - Ozocubu's Armour      Ice            24%        N/A       4%          3
d - Hailstorm             Conj/Ice       24%        3d7       16%         4
e - Shock                 Conj/Air       96%        1d9       1%          1
f - Static Discharge      Conj/Air       24%        N/A       2%          2
Your spell library was empty.

Dungeon Overview and Level Annotations

Branches:
Dungeon (4/15)             Temple (0/1) D:4

Altars:
Cheibriados
Okawaru

Annotations:
D:3 Grinder
D:4 Sigmund


Innate Abilities, Weirdness & Mutations

You are immune to sickness and miasma.
You are immune to poison.
Your flesh is very heat resistant. (rF++)
You are vulnerable to cold. (rC-)
You float through the air rather than walking.
You learn spells naturally, not from books.
Your magical power is your life essence.
You have superior vitality. (+4 MHP)


Message History

The kobold shouts!
The gnoll hits you with a +0 club! The orc closely misses you.
You reach down and open the door.
Grinder misses you. The gnoll hits you with a +0 club.
The orc hits you but does no damage. The gnoll misses you.
There is an open door here.
Casting: Static Discharge (safe; 2% risk of failure)
Confirm with . or Enter, or press ? or * to list all spells.
Casting: Frozen Ramparts (dangerous; 4% risk of failure)
Press: ? - help, Dir - look around, f - activate The walls around you are covered in ice.
The wall freezes the kobold.
You kill the kobold!
Grinder completely resists.
The wall freezes Grinder but does no damage.
The wall freezes the orc.
The wall freezes the orc warrior.
Casting: Frozen Ramparts (dangerous; 4% risk of failure)
Confirm with . or Enter, or press ? or * to list all spells.
A film of ice covers your body!
Grinder resists.
The wall freezes Grinder.
Grinder hits you.
* * * LOW HITPOINT WARNING * * *
You writhe in agony.
* * * LOW HITPOINT WARNING * * *
The wall freezes the orc!
You kill the orc!
The wall freezes the gnoll.
The gnoll closely misses you.
Casting: Ozocubu's Armour (dangerous; 4% risk of failure)
Confirm with . or Enter, or press ? or * to list all spells.
Grinder is struck by an arc of lightning!
Grinder is moderately wounded.
The gnoll is struck by an arc of lightning.
The gnoll is almost dead.
The lightning grounds out.
* * * LOW HITPOINT WARNING * * *
Grinder completely resists.
The wall freezes Grinder but does no damage.
Grinder hits you.
* * * LOW HITPOINT WARNING * * *
You writhe in agony.
You die...

. #+# .
#@# .###
##5#o#..?.
#ggo....#
#.go....#
#.......#
#..)....#
#.......#
#.......#
........#


You could see Grinder, an orc warrior, 3 gnolls and an orc.

Vanquished Creatures
  An ogre (D:4)
  A scorpion (D:4)
  A hound zombie (D:3)
  4 adders
  A worm (D:2)
  2 dart slugs
  12 orcs
  5 ball pythons
  4 endoplasms
  3 goblins
  6 hobgoblins
  3 jackals
  9 kobolds
  3 quokkas
  3 bats (D:1)
  3 frilled lizards
  5 rats
66 creatures vanquished.

Vanquished Creatures (others)
  A fungus (D:3)
  3 plants (D:3)
4 creatures vanquished.

Grand Total: 70 creatures vanquished

Notes
Turn   | Place    | Note
-------+----------+-------------------------------------------
     0 | D:1      | 101zpm the Djinni Ice Elementalist began the quest for the
                  | Orb.
     0 | D:1      | Reached XP level 1. HP: 15/15 MP: 0/0
   374 | D:1      | Reached XP level 2. HP: 20/21 MP: 0/0
  1192 | D:2      | Reached skill level 1 in Throwing
  1192 | D:2      | Reached XP level 3. HP: 20/25 MP: 0/0
  1192 | D:2      | Learned a level 1 spell: Shock
  2225 | D:2      | Reached XP level 4. HP: 13/31 MP: 0/0
  2802 | D:3      | Reached skill level 4 in Spellcasting
  3188 | D:3      | Reached XP level 5. HP: 34/35 MP: 0/0
  3188 | D:3      | Learned a level 2 spell: Static Discharge
  3738 | D:4      | Found an iron altar of Okawaru.
  3784 | D:4      | Found a staircase to the Ecumenical Temple.
  3880 | D:4      | Noticed an ogre
  3885 | D:4      | Killed an ogre
  3886 | D:4      | Reached skill level 5 in Spellcasting
  3886 | D:4      | Reached XP level 6. HP: 24/40 MP: 0/0
  4152 | D:4      | Found a snail-covered altar of Cheibriados.
  4183 | D:4      | Noticed Sigmund
  4192 | D:3      | Noticed Grinder
  4192 | D:3      | Noticed an orc warrior
  4202 | D:3      | Slain by Grinder

Illustrated notes

Levels and vault maps discovered:
D:1:      psy_arrival_statuary, layout_basic
D:2:      layout_basic, eino_tiny_chamber, minmay_door_square
D:3:      layout_basic, grunt_temple_overflow_forces_of_nature,
          dreamdust_ecumenical_altar_drowned_temple, minmay_joined_circles,
          uniq_natasha, uniq_grinder
D:4:      layout_layer_cave, kennysheep_slug_shrine, okawaru_trees_1,
          minmay_temple_entry_crystal_x, uniq_sigmund

Skill      XL: |  1  2  3  4  5 |
---------------+----------------+-----
Throwing       | 1 2 |  2.0
Spellcasting   | 4 5 |  5.0
Stealth        | 2 |  2.1
Dodging        | |  2.6

Action                   |  1- 3 |  4- 6 || total
-------------------------+-------+-------++-------
Throw: Dart              |    47 |     3 ||    50
       Stone             |    22 |       ||    22
 Cast: Freeze            |    21 |     3 ||    24
       Frozen Ramparts   |     9 |    10 ||    19
       Ozocubu's Armour  |     1 |     4 ||     5
       Shock             |       |    55 ||    55
       Static Discharge  |       |     5 ||     5
       Hailstorm         |       |     3 ||     3
Armor: Robe              |     8 |    13 ||    21
Dodge: Dodged            |    15 |    24 ||    39
